 Dungeon Crawl Stone Soup version 0.32-a0-872-g59262bdc9b (webtiles) character file.

Game seed: 8907438837806651793

7576 Biggs the Skirmisher (level 11, -12/79 HPs)
             Began as a Coglin Hunter on Mar 31, 2024.
             Was a High Priest of Okawaru.
             Hit by a large rock thrown by a cyclops (32 damage)
             ... on level 11 of the Dungeon.
             The game lasted 00:27:49 (9402 turns).

Biggs the Skirmisher (Coglin Hunter)                Turns: 9402, Time: 00:27:49

Health: -12/79     AC: 16    Str: 12    XL:     11   Next: 17%
Magic:  11/11      EV: 15    Int:  9    God:    Okawaru [*****.]
Gold:   473        SH:  0    Dex: 21    Spells: 10/10 levels left

rFire   . . .        a - +2 sling {Taribatum}
rCold   . . .        d - +0 sling {Noor}
rNeg    . . .        w - +2 steam dragon scales
rPois   .            e - +0 helmet
rElec   .            m - +2 cloak
rCorr   .            g - +1 pair of gloves
SInv    .            i - +2 pair of boots
Will    .....        (amulet unavailable)
Stlth   +            (ring unavailable)
HPRegen 0.33/turn    (ring unavailable)
MPRegen 0.12/turn    (no gizmo)

%: no passive effects
@: confused, studying Dodging, revved
A: off-hand wielding, slow wielding, warmup strikes, no jewellery
a: Invent Gizmo, Renounce Religion, Heroism, Finesse, Duel


You were on level 11 of the Dungeon.
You worshipped Okawaru.
Okawaru was extremely pleased with you.
You visited 1 branch of the dungeon, and saw 11 of its levels.
You also visited: Sewer.

You collected 473 gold pieces.

Inventory:

Hand Weapons
 a - a +2 sling (weapon) {Taribatum}
 d - a +0 sling (offhand) {Noor}
Missiles
 A - a throwing net
Armour
 e - a +0 helmet (worn)
 g - a +1 pair of gloves (worn)
 i - a +2 pair of boots (worn)
 m - a +2 cloak (worn)
 w - +2 steam dragon scales (worn)
Wands
 q - a wand of quicksilver (2)
Scrolls
 b - a scroll of butterflies
 c - 2 scrolls of enchant weapon
 f - 4 scrolls of poison
 h - 3 scrolls of noise
 j - a scroll of fog
 l - 2 scrolls of amnesia
 s - a scroll of revelation {unknown}
 y - a scroll of identify
Potions
 k - a potion of attraction {unknown}
 o - 5 potions of enlightenment
 t - a potion of magic {unknown}
 u - a potion of haste {unknown}
 v - a potion of lignification {unknown}
 x - a potion of brilliance {unknown}


   Skills:
 - Level 5.0 Fighting
 - Level 14.0 Ranged Weapons
 + Level 6.6 Dodging
 - Level 0.7 Stealth


You had 10 spell levels left.
You didn't know any spells.
Your spell library contained the following spells:

 Spells                   Type           Power      Damage    Failure   Level
 Magic Dart               Conj           0%         1d3       38%         1
 Blink                    Tloc           0%         N/A       52%         2
 Inner Flame              Hex/Fire       0%         N/A       77%         3
 Flame Wave               Conj/Fire      0%         2d4       99%         4
 Leda's Liquefaction      Alch/Erth      0%         N/A       99%         4
 Sticky Flame             Fire/Alch      0%         2d4       99%         4
 Lee's Rapid Deconstruct  Erth           0%         3d4*      100%        5
 Permafrost Eruption      Ice/Erth       0%         2x4d1     100%        6
 Orb of Destruction       Conj           0%         9d5       100%        7
 Chain Lightning          Conj/Air       0%         N/A       100%        9
 Fire Storm               Conj/Fire      0%         5d1       100%        9
 Shatter                  Erth           0%         3d5*      100%        9
 Call Imp                 Summ           Unusable   N/A       N/A         2
 Summon Blazeheart Golem  Fire/Summ      Unusable   N/A       N/A         4
 Spellforged Servitor     Conj/Summ      Unusable   N/A       N/A         7

Dungeon Overview and Level Annotations

Branches:
Dungeon (11/15)            Temple (0/1) D:5           Sewer (visited)
   Lair: D:8-11         Orc: D:9-12

Altars:
Cheibriados
Fedhas
Gozag
Kikubaaqudgha
Okawaru
Sif Muna
Uskayaw
Wu Jian
Yredelemnul

Annotations:
D:9 Harold
D:10 Nergalle


Innate Abilities, Weirdness & Mutations

You can wield a second weapon in your off-hand.
It takes a long time for you to wield or remove held weapons.
Your first few attacks do less damage.
You cannot equip rings or amulets.


Message History

The magic dart hits you but does no damage.
Fire: a) +2 sling {Taribatum}
Press: ? - help, Q - select action, (/) - cycle Shift-Dir - straight line, f/p - orc warrior
Aim: an orc warrior, wielding a +0 war axe and wearing a +0 chain mail (moderately wounded, 68% to hit)
You shoot a sling bullet. The sling bullet hits the orc warrior.
The orc warrior is moderately wounded.
You shoot a sling bullet. The sling bullet hits the orc warrior.
The orc warrior is heavily wounded.
Fire: a) +2 sling {Taribatum}
Press: ? - help, Q - select action, (/) - cycle Shift-Dir - straight line, f/p - orc warrior
Aim: an orc warrior, wielding a +0 war axe and wearing a +0 chain mail (heavily wounded, 68% to hit)
You shoot a sling bullet. x2
Something hits you but does no damage.
Unknown command.
Fire: a) +2 sling {Taribatum}
Press: ? - help, Q - select action, (/) - cycle Shift-Dir - straight line, f/p - orc warrior
Aim: an orc warrior, wielding a +0 war axe and wearing a +0 chain mail (heavily wounded, 68% to hit)
You shoot a sling bullet. x2
The sling bullet closely misses the orc warrior.
Something hits you but does no damage.
The cyclops is engulfed in poison gas.
The cyclops is poisoned.
The cyclops throws a large rock.
The large rock hits you.
* * * LOW HITPOINT WARNING * * *
Unknown command.
Fire: a) +2 sling {Taribatum}
Press: ? - help, Q - select action, (/) - cycle Shift-Dir - straight line, f/p - orc warrior
Aim: an orc warrior, wielding a +0 war axe and wearing a +0 chain mail (heavily wounded, 68% to hit)
You shoot a sling bullet.
The sling bullet hits the orc warrior but does no damage.
The orc warrior is heavily wounded.
You shoot a sling bullet.
You hear some strange, mumbled words.
You are confused.
Unknown command.
Non-targeted confused fire: a) +2 sling {Taribatum}
Press: ? - help, Q - select action, (/) - cycle Dir - look around, f - activate You shoot a sling bullet. x2
The cyclops is engulfed in poison gas.
The cyclops looks even sicker.
The cyclops throws a large rock.
The large rock hits you!!
You die...

### .. #§○ l.... #○#
..#.# #§# #.#.# #§#
##.#.# #@# ###.$..# #{#
#......#
#####§####.#...##
#...°oC..#.##.## #
#.#.°§##.#.##.###....
#..°°###.#.##<..o....
....§°.......{.C....o.
..#.§§§#####.#####.....
# #.#.# #.# .....


You could see a cyclops (very poisoned) and an orc warrior.

Vanquished Creatures
  Jeremiah (D:6)
  Maggie (D:7)
  3 kobold demonologists (D:9)
  A vampire (D:9)
  A wyvern (D:9)
  A shadow (D:9)
  11 yaks
  Duvessa (D:7)
  4 orc warriors
  3 water moccasins
  2 black bears
  An ice beast (D:5)
  2 ogres (D:6)
  3 centaurs
  A weeping skull (D:5)
  2 kobold brigands (D:8)
  A brain worm (Sewer)
  3 bullfrogs
  2 scorpions
  9 wights (D:8)
  Dowan (D:7)
  2 jellies
  3 killer bees (D:9)
  4 howler monkeys
  7 bombardier beetles
  3 hounds
  4 orc priests
  A gnoll bouda (D:6)
  3 iguanas
  5 sleepcaps
  9 orc wizards
  A mummy (D:6)
  8 gnolls
  8 adders
  3 river rats (Sewer)
  2 shadow imps (D:7)
  A white imp (D:7)
  2 ufetubi (D:5)
  3 dart slugs
  4 ribbon worms
  39 orcs
  12 endoplasms
  A giant cockroach (D:3)
  5 goblins
  8 hobgoblins
  7 jackals
  15 kobolds
  5 quokkas
  16 ball pythons
  14 bats
  4 frilled lizards
  4 hobgoblin zombies (D:6)
  5 rats
  A spectral orc (D:5)
263 creatures vanquished.

Notes
Turn   | Place    | Note
-------+----------+-------------------------------------------
     0 | D:1      | Biggs the Coglin Hunter began the quest for the Orb.
     0 | D:1      | Reached XP level 1. HP: 16/16 MP: 1/1
   180 | D:1      | Reached skill level 4 in Ranged Weapons
   180 | D:1      | Reached XP level 2. HP: 22/22 MP: 2/2
   605 | D:2      | Reached XP level 3. HP: 27/27 MP: 3/3
  1215 | D:3      | Reached skill level 5 in Ranged Weapons
  1269 | D:3      | Reached XP level 4. HP: 33/33 MP: 4/4
  1397 | D:3      | Found a shimmering blue altar of Sif Muna.
  1410 | D:3      | Identified the +7 mace of Syeppog {freeze, rElec rPois rN++
                  | Str-4}
  1497 | D:3      | Found an ornate altar of the Wu Jian Council.
  1836 | D:4      | Found an ancient bone altar of Kikubaaqudgha.
  1899 | D:4      | Noticed a scorpion
  1906 | D:4      | Killed a scorpion
  1907 | D:4      | Reached XP level 5. HP: 33/38 MP: 5/5
  2110 | D:4      | Reached skill level 6 in Ranged Weapons
  2316 | D:4      | Reached XP level 6. HP: 44/44 MP: 6/6
  2336 | D:4      | Found an iron altar of Okawaru.
  2405 | D:4      | Became a worshipper of Warmaster Okawaru
  2693 | D:5      | Entered Level 5 of the Dungeon
  2693 | D:5      | Noticed an ice beast
  2703 | D:5      | Killed an ice beast
  2704 | D:5      | Reached skill level 7 in Ranged Weapons
  3008 | D:5      | Reached XP level 7. HP: 50/50 MP: 7/7
  3048 | D:5      | Found a glowing drain.
  3097 | Sewer    | Entered a sewer
  3335 | Sewer    | Reached * piety under Okawaru
  3336 | Sewer    | Reached skill level 8 in Ranged Weapons
  3922 | D:5      | Found a snail-covered altar of Cheibriados.
  3966 | D:5      | Found a staircase to the Ecumenical Temple.
  3994 | D:5      | Found a hide-covered altar of Uskayaw.
  4106 | D:5      | Reached XP level 8. HP: 41/56 MP: 8/8
  4184 | D:5      | Found a blossoming altar of Fedhas.
  4369 | D:5      | Found a basalt altar of Yredelemnul.
  4759 | D:6      | Reached ** piety under Okawaru
  4760 | D:6      | Reached skill level 5 in Dodging
  5051 | D:6      | Noticed Jeremiah
  5249 | D:6      | Killed Jeremiah
  5250 | D:6      | Reached XP level 9. HP: 25/66 MP: 9/9
  5412 | D:6      | Reached skill level 5 in Fighting
  5765 | D:6      | Reached skill level 9 in Ranged Weapons
  6217 | D:7      | Noticed Maggie
  6499 | D:7      | Reached *** piety under Okawaru
  6500 | D:7      | Reached skill level 10 in Ranged Weapons
  6545 | D:7      | Killed Maggie
  6797 | D:7      | Noticed Duvessa
  6800 | D:7      | Noticed Dowan
  6812 | D:7      | Killed Duvessa
  6822 | D:7      | Killed Dowan
  6995 | D:7      | Reached skill level 11 in Ranged Weapons
  6999 | D:7      | Reached XP level 10. HP: 70/74 MP: 10/10
  7341 | D:8      | Reached **** piety under Okawaru
  7708 | D:8      | Reached skill level 12 in Ranged Weapons
  8073 | D:9      | Found an opulent altar of Gozag.
  8212 | D:9      | Reached skill level 13 in Ranged Weapons
  8859 | D:9      | Noticed a kobold demonologist
  8859 | D:9      | Noticed a kobold demonologist
  8862 | D:9      | Noticed an orange demon
  8864 | D:9      | Noticed a smoke demon
  8890 | D:9      | Killed a kobold demonologist
  8890 | D:9      | Reached ***** piety under Okawaru
  8901 | D:9      | Killed a kobold demonologist
  8902 | D:9      | Reached XP level 11. HP: 70/79 MP: 11/11
  9034 | D:9      | Noticed Harold
  9315 | D:10     | Entered Level 10 of the Dungeon
  9339 | D:10     | Reached skill level 14 in Ranged Weapons
  9361 | D:10     | Noticed Nergalle
  9369 | D:11     | Noticed a cyclops
  9402 | D:11     | Hit by a large rock thrown by a cyclops

Illustrated notes

Levels and vault maps discovered:
D:1:      eino_arrival_tree_alley, layout_loops_ring
D:2:      layout_loops_ring
D:3:      layout_loops_ring, nzn_wu_jian_council_hall,
          nicolae_overflow_crystal_walls, chequers_garden, grunt_ministairs_2
D:4:      layout_basic, okawaru_gym_becter, mainiacjoe_overflow_chevrons,
          serial_bayou_pond_b, minmay_misc_feat_cross
D:5:      layout_gridville, old_standard_altar, kennysheep_mini,
          mainiacjoe_overflow_six_doors_small,
          yredelemnul_forgotten_temple_becter, minmay_temple_entry_slanted,
          cheibrodos_sewer_entry_sluice, kennysheep_generic_room_10
D:6:      layout_basic, minmay_mini_ossuary, uniq_jeremiah
D:7:      cheibrodos_helix_gallery, layout_basic, nicolae_zig_zag_zippers,
          uniq_duvessa, uniq_maggie
D:8:      layout_cave_pools
D:9:      layout_roguey, pf_just_have_faith, serial_library,
          serial_library_hellmonk_double_dead_end,
          serial_library_hellmonk_h_bend, serial_library_regret_index_headful,
          serial_library_regret_index_small_wings,
          serial_library_hellmonk_angled_corner,
          serial_library_hellmonk_reading_circle,
          serial_library_hellmonk_small_corner,
          serial_library_hellmonk_secret_room, serial_library_hellmonk_room_c,
          nicolae_lava_and_water, uniq_harold
D:10:     layout_rooms, mainiacjoe_overflow_24_doors, mainiacjoe_overflow_paths,
          chequers_temple_overflow_minitemple, dpeg_oklobed_lair,
          nicolae_evil_shop, uniq_nergalle
D:11:     layout_loops_ring, gauntlet_entry_generic, grunt_dithmenos_shadows

Skill      XL: |  1  2  3  4  5  6  7  8  9 10 11 |
---------------+----------------------------------+-----
Ranged Weapons | 4 5 6 7 8 11 13 14 | 14.0
Dodging        | 3 5 6 |  6.6
Fighting       | 4 5 |  5.0
Stealth        | |  0.7

Action                     |  1- 3 |  4- 6 |  7- 9 | 10-12 || total
---------------------------+-------+-------+-------+-------++-------
   Fire: Sling             |   154 |   278 |   874 |   690 ||  1996
  Evoke: Wand              |       |       |     3 |     6 ||     9
    Use: Scroll            |       |       |     8 |    11 ||    19
         Potion            |       |       |       |     3 ||     3
 Armour: Leather armour    |     4 |    45 |   124 |       ||   173
         Steam dragon scal |       |       |    16 |   127 ||   143
  Dodge: Dodged            |     6 |    20 |   149 |   153 ||   328

Table legend: (Time is in decaauts)
 A = Elapsed time spent in this place.
 B = Non-inter-level travel time spent in this place.
 C = Inter-level travel time spent in this place.
 D = Time resting spent in this place.
 E = Time spent auto-exploring this place.
 F = Levels seen in this place.
 G = Mean time per level.
                   A        B        C        D        E       F      G
               +--------+--------+--------+--------+--------+-----+--------+
         Total |   9545 |   9285 |    260 |   1138 |   6501 |  12 |  795.4 |
       Dungeon |   8667 |   8407 |    260 |   1138 |   5752 |  11 |  787.9 |
         Sewer |    878 |    878 |      0 |      0 |    748 |   1 |  878.0 |
               +--------+--------+--------+--------+--------+-----+--------+

Top non-repeatable levels by time:
     D:6: 1567 daAuts
     D:5: 1453 daAuts
     D:9: 1087 daAuts
     D:7: 1037 daAuts
   Sewer: 878 daAuts
     D:4: 876 daAuts
     D:8: 724 daAuts
     D:3: 667 daAuts
     D:1: 613 daAuts
     D:2: 570 daAuts
    D:10: 37 daAuts
    D:11: 31 daAuts
